 Dungeon Crawl Stone Soup version 0.32-a0-675-gdc239d62e1 (webtiles) character file.

Game seed: 16246828710618790090

77 javelincjr the Grasshopper (level 4, 0/34 HPs)
             Began as a Demonspawn Warper on Mar 11, 2024.
             Killed from afar by an orc wizard (7 damage)
             ... with a puff of flame
             ... on level 3 of the Dungeon.
             The game lasted 00:08:28 (1564 turns).

javelincjr the Grasshopper (Demonspawn Warper)      Turns: 1564, Time: 00:08:29

Health: 0/34       AC:  5    Str: 13    XL:     4   Next: 13%
Magic:  3/7        EV: 14    Int: 14    God:
Gold:   90         SH:  0    Dex:  8    Spells: 3/7 levels left

rFire   . . .        a - +0 spear
rCold   . . .        (no shield)
rNeg    + . .        r - +2 robe "Zupovvy" {rPois rN+ Dex-4 Slay+2}
rPois   +            (no helmet)
rElec   .            (no cloak)
rCorr   .            (no gloves)
SInv    .            n - +0 pair of boots
Will    .....        (no amulet)
Stlth   +            (no ring)
HPRegen 0.25/turn    (no ring)
MPRegen 0.10/turn

%: no passive effects
@: on blink cooldown
A: repulsion field 1, demonic magic 1
a: no special abilities


You were on level 3 of the Dungeon.
You visited 1 branch of the dungeon, and saw 3 of its levels.

You collected 90 gold pieces.

Inventory:

Hand Weapons
 a - a +0 spear (weapon)
 q - a +3 dagger of electrocution
Missiles
 d - 6 darts of dispersal (quivered)
Armour
 b - a +0 leather armour
 n - a +0 pair of boots (worn)
 r - the +2 robe "Zupovvy" (worn) {rPois rN+ Dex-4 Slay+2}
   (You found it on level 3 of the Dungeon)

   Dex-4:     It affects your dexterity (-4).
   Slay+2:    It affects your accuracy & damage with ranged weapons and melee
   (+2).
   rPois:     It protects you from poison.
   rN+:       It protects you from negative energy.
Scrolls
 c - 2 scrolls of blinking
 f - a scroll of teleportation {unknown}
 g - a scroll of torment {unknown}
 i - a scroll of enchant armour {unknown}
 l - a scroll of fear {unknown}
 m - a scroll of noise {unknown}
 o - a scroll of enchant weapon {unknown}
 p - 2 scrolls of identify {unknown}
 t - a scroll of poison {unknown}
Potions
 e - 2 potions of heal wounds {unknown}
 h - a potion of magic {unknown}
 j - a potion of lignification {unknown}
 k - a potion of degeneration {unknown}
 s - a potion of enlightenment {unknown}


   Skills:
 + Level 2.5 Fighting
 + Level 2.2 Polearms
 + Level 1.4 Throwing
 + Level 1.5 Armour
 + Level 2.2 Dodging
 + Level 2.3 Spellcasting
 + Level 3.0 Translocations


You had 3 spell levels left.
You knew the following spells:

 Your Spells              Type           Power      Damage    Failure   Level
a - Blink                 Tloc           20%        N/A       10%         2
b - Lesser Beckoning      Tloc           20%        N/A       10%         2

Your spell library contained the following spells:

 Spells                   Type           Power      Damage    Failure   Level
 Teleport Other           Tloc           10%        N/A       21%         3
 Manifold Assault         Tloc           10%        N/A       54%         4
 Vhi's Electric Charge    Tloc/Air       10%        N/A       77%         4


Dungeon Overview and Level Annotations

Branches:
Dungeon (3/15)

Altars:


Innate Abilities, Weirdness & Mutations

You are surrounded by a mild repulsion field. (EV +2)
Spells you cast may paralyse adjacent enemies.


Message History

The orc wizard closely misses you.
You closely miss the orc wizard.
The orc wizard is moderately wounded.
The orc wizard hits you with a +3 dagger.
You hit the orc wizard.
The orc wizard is heavily wounded.
The orc wizard hits you with a +3 dagger.
You closely miss the orc wizard.
The orc wizard is heavily wounded.
The orc wizard completely misses you.
You closely miss the orc wizard.
The orc wizard is heavily wounded.
The orc wizard hits you with a +3 dagger.
You barely miss the orc wizard.
The orc wizard is heavily wounded.
The orc wizard barely misses you.
You closely miss the orc wizard.
The orc wizard is heavily wounded.
The orc wizard hits you with a +3 dagger.
* * * LOW HITPOINT WARNING * * *
You closely miss the orc wizard.
The orc wizard is heavily wounded.
The orc wizard mumbles some strange words.
The orc wizard flickers and vanishes!
Deactivating autopickup; reactivate with Ctrl-A.
You hit something.
You hear some strange, mumbled words.
A puff of flame appears from out of thin air!
The puff of flame hits you.
* * * LOW HITPOINT WARNING * * *
You closely miss something.
You hear some strange, mumbled words.
A puff of flame appears from out of thin air!
The puff of flame misses you.
Casting: Blink (safe; 10% risk of failure)
Confirm with . or Enter, or press ? or * to list all spells.
You blink.
Malevolent energies surge around you.
A puff of flame appears from out of thin air!
The puff of flame hits you!
You die...

.........#.##.##.# .#
##.......#.#.#.#.#.#.#
######.#...#..#.$#..#
#.##...#..)#...#
####.#..#....#....#
#.)......#.....#....
##.###......#......#.
#...####.......#....
#...ยง){...@.......
#...####..#####..##.
## #.## #.... #.# ###.
#.# #.. ###


There were no monsters in sight!

Vanquished Creatures
  Jessica (D:3)
  A dart slug (D:1)
  A ribbon worm (D:2)
  3 orcs (D:3)
  3 endoplasms
  2 giant cockroaches
  8 goblins
  6 hobgoblins
  3 ball pythons
  5 bats
  3 kobolds
  3 rats
39 creatures vanquished.

Notes
Turn   | Place    | Note
-------+----------+-------------------------------------------
     0 | D:1      | javelincjr the Demonspawn Warper began the quest for the
                  | Orb.
     0 | D:1      | Reached XP level 1. HP: 16/16 MP: 3/3
    29 | D:1      | Reached skill level 1 in Throwing
    29 | D:1      | Reached skill level 1 in Armour
    40 | D:1      | Gained mutation: Spells you cast may paralyse adjacent
                  | enemies. [demonic ancestry]
    40 | D:1      | Reached XP level 2. HP: 22/22 MP: 5/5
    64 | D:1      | Learned a level 2 spell: Blink
    67 | D:1      | Learned a level 2 spell: Lesser Beckoning
   775 | D:2      | Reached XP level 3. HP: 16/28 MP: 6/6
  1307 | D:3      | Noticed Jessica
  1309 | D:3      | Identified the +2 robe "Zupovvy" {rPois rN+ Dex-4 Slay+2}
  1326 | D:3      | Found a faded altar of an unknown god.
  1328 | D:3      | Killed Jessica
  1414 | D:3      | Gained mutation: You are surrounded by a mild repulsion
                  | field. (EV +2) [demonic ancestry]
  1414 | D:3      | Reached XP level 4. HP: 16/34 MP: 3/7
  1526 | D:3      | Reached skill level 3 in Translocations
  1564 | D:3      | Killed from afar by an orc wizard

Illustrated notes

Levels and vault maps discovered:
D:1:      minmay_arrival_semitransparent, layout_rooms
D:2:      layout_basic, minmay_misc_feat_iff
D:3:      layout_loops_ring, shapermc_ecumenical_altar_mp_ritualfount,
          portal_sewer_entry_c, serial_park_tiny_2, minmay_increasing_density,
          uniq_jessica

Skill      XL: |  1  2  3  4 |
---------------+-------------+-----
Throwing       | 1 |  1.4
Armour         | 1 |  1.5
Dodging        | 2 |  2.2
Polearms       | 2 |  2.2
Translocations | 3 |  3.0
Fighting       | |  2.5
Spellcasting   | |  2.3

Action                     |  1- 3 |  4- 6 || total
---------------------------+-------+-------++-------
  Melee: Spear             |   117 |    36 ||   153
  Throw: Dart              |     1 |       ||     1
   Cast: Lesser Beckoning  |     6 |     2 ||     8
         Blink             |       |     2 ||     2
   Stab: Paralysed         |    11 |     1 ||    12
         Sleeping          |     1 |       ||     1
 Armour: Leather armour    |    37 |       ||    37
         Robe              |    18 |    22 ||    40
  Dodge: Dodged            |    49 |    13 ||    62

Table legend: (Time is in decaauts)
 A = Elapsed time spent in this place.
 B = Non-inter-level travel time spent in this place.
 C = Inter-level travel time spent in this place.
 D = Time resting spent in this place.
 E = Time spent auto-exploring this place.
 F = Levels seen in this place.
 G = Mean time per level.
                   A        B        C        D        E       F      G
               +--------+--------+--------+--------+--------+-----+--------+
         Total |   1563 |   1515 |     48 |     34 |   1134 |   3 |  521.0 |
       Dungeon |   1563 |   1515 |     48 |     34 |   1134 |   3 |  521.0 |
               +--------+--------+--------+--------+--------+-----+--------+

Top non-repeatable levels by time:
     D:2: 1033 daAuts
     D:1: 267 daAuts
     D:3: 263 daAuts
